 Dungeon Sprint DCSS version 0.18.1-48-g4cf74bf (webtiles) character file.

44 tyranidshit the Skirmisher (level 3, -7/39 HPs)
             Began as a Troll Berserker on July 22, 2016.
             Was an Elder of Trog.
             Mangled by a hill giant
             ... wielding a +0 giant club
              (33 damage)
             ... in the Dungeon (Sprint IX: "|||||||||||||||||||||||||||||").
             The game lasted 00:01:27 (153 turns).

tyranidshit the Skirmisher (Troll Berserker)         Turns: 153, Time: 00:01:27

Health: -7/39      AC: 12    Str: 26    XL:     3   Next: 39%
Magic:  2/2        EV: 10    Int:  3    God:    Trog [****..]
Gold:   0          SH:  0    Dex:  9    Spells: 0 memorised, 2 levels left

rFire  . . .     SeeInvis .     o - +2 halberd (protect)
rCold  . . .     Gourm    +     b - +0 animal skin
rNeg   . . .     Faith    .     (shield currently unavailable)
rPois  .         Spirit   .     (helmet restricted)
rElec  .         Dismiss  .     (no cloak)
rCorr  .         Reflect  .     (gloves unavailable)
SustAt .         Harm     .     (boots unavailable)
MR     ++...     NoTele   +     (no amulet)
Stlth  +.........               (no ring)
                                n - +2 ring of protection

@: exhausted, very slightly contaminated, regenerating, hasted and slowed, very
resistant to hostile enchantments, very unstealthy
A: unfitting armour, claws 3, fast metabolism 3, gourmand, regeneration 2,
shaggy fur 1, tough skin 2
a: Berserk, Trog's Hand, Brothers in Arms, Burn Spellbooks, Renounce Religion


You were in the Dungeon.
You worshipped Trog.
Trog was greatly pleased with you.
You were very hungry.

You visited 1 branch

Inventory:

Hand Weapons
 a - a +0 hand axe
 o - a +2 halberd of protection (weapon)
 p - a +3 war axe of chopping
Armour
 b - a +0 animal skin (worn)
Jewellery
 m - a +3 ring of intelligence
 n - a +2 ring of protection (left claw)
Wands
 l - a wand of acid (7/15)
Scrolls
 i - 2 scrolls of blinking
 k - 3 scrolls of remove curse
Potions
 d - 5 potions of curing
 e - 3 potions of heal wounds
 g - 4 potions of magic
 h - a potion of berserk rage
 j - a potion of invisibility
Comestibles
 c - 2 bread rations


   Skills:
 + Level 4.1 Fighting
 - Level 3.5 Axes
 - Level 2.0 Armour
 - Level 3.6 Dodging


You had 2 spell levels left.
You didn't know any spells.

Dungeon Overview and Level Annotations

Branches:
Dungeon (1/1)

Altars:
Cheibriados
Dithmenos
Elyvilon
Fedhas
Gozag
Kikubaaqudgha
Makhleb
Nemelex Xobeh
Okawaru
Pakellas
Qazlal
Ru
Sif Muna
Trog
Vehumet
Xom
Yredelemnul
Zin
The Shining One
Beogh
Jiyva
Lugonu


Innate Abilities, Weirdness & Mutations

You are too large for most types of armour.
You have claws for hands.
Your metabolism is lightning-fast.
You like to eat raw meat.
You heal very quickly.
You are covered in fur (AC +1).
You have very tough skin (AC +2).


Message History

The hill giant is lightly wounded.
The hill giant hits you with a giant club!
You puncture the hill giant!
The hill giant is lightly wounded.
You feel the effects of Trog's Hand fading.
You impale the hill giant!!
The hill giant is heavily wounded.
The hill giant hits you with a giant club!!
You barely miss the hill giant.
The hill giant is heavily wounded.
You are no longer berserk.
You are exhausted.
You feel yourself slow down.
You are feeling very hungry.
The hill giant completely misses you.
You puncture the hill giant!
The hill giant is severely wounded.
The hill giant hits you with a giant club!!
Ouch! That really hurt!
You die...

▓.▓
▓.▓
▓.▓
▓Z▓
▓O▓
▓C▓
▓C▓
▓@▓
▓.▓
▓[▓
▓[▓
▓[▓
▓)▓
▓|▓
▓?▓
▓.▓


You could see 2 hill giants, an ogre and a giant cockroach zombie.

Vanquished Creatures
  2 adders (D)
  2 shadow imps (D)
  An orc (D)
  A bat (D)
  2 hobgoblins (D)
  A jackal (D)
  A giant gecko zombie (D)
  A jackal skeleton (D)
  A kobold (D)
12 creatures vanquished.

Vanquished Creatures (others)
  A spatial maelstrom (D)
1 creature vanquished.

Grand Total: 13 creatures vanquished

Notes
Turn   | Place    | Note
--------------------------------------------------------------
     0 | D        | tyranidshit the Troll Berserker began the quest for the Orb.
     0 | D        | Reached XP level 1. HP: 22/22 MP: 0/0
    13 | D        | Banished a spatial maelstrom
    23 | D        | Reached ** piety under Trog
    34 | D        | Reached skill level 3 in Fighting
    50 | D        | Reached *** piety under Trog
    50 | D        | Reached skill level 1 in Armour
    50 | D        | Reached XP level 2. HP: 22/31 MP: 1/1
    61 | D        | Reached XP level 3. HP: 36/37 MP: 2/2
    69 | D        | Found a glowing silver altar of Zin.
    69 | D        | Found a glowing golden altar of the Shining One.
    69 | D        | Found an ancient bone altar of Kikubaaqudgha.
    69 | D        | Found a basalt altar of Yredelemnul.
    69 | D        | Found a shimmering altar of Xom.
    69 | D        | Found a radiant altar of Vehumet.
    70 | D        | Found an iron altar of Okawaru.
    71 | D        | Found a burning altar of Makhleb.
    72 | D        | Found a deep blue altar of Sif Muna.
    73 | D        | Found a bloodstained altar of Trog.
    74 | D        | Found a sparkling altar of Nemelex Xobeh.
    75 | D        | Found a white marble altar of Elyvilon.
    76 | D        | Found a roughly hewn altar of Beogh.
    77 | D        | Found a viscous altar of Jiyva.
    78 | D        | Found a corrupted altar of Lugonu.
    79 | D        | Found a blossoming altar of Fedhas.
    80 | D        | Found a snail-covered altar of Cheibriados.
    81 | D        | Found a shadowy altar of Dithmenos.
    82 | D        | Found a stormy altar of Qazlal.
    83 | D        | Found an opulent altar of Gozag.
    84 | D        | Found a sacrificial altar of Ru.
    85 | D        | Found an oddly glowing altar of Pakellas.
   138 | D        | Noticed a hill giant
   138 | D        | Noticed a hill giant
   138 | D        | Noticed an ogre
   142 | D        | Reached **** piety under Trog
   142 | D        | Reached skill level 4 in Fighting
   153 | D        | Mangled by a hill giant

Skill      XL: |  1  2  3 |
---------------+----------+-----
Fighting       | 3 4 |  4.1
Axes           | 3 |  3.5
Armour         | 1 2 |  2.0
Dodging        | 3 |  3.6

Action                   || total
-------------------------++-------
Melee: Hand axe          ||    44
       Halberd           ||    12
Invok: Berserk           ||     2
       Trog's Hand       ||     2
  Use: Potion            ||     1
Armor: Animal skin       ||    15
Dodge: Dodged            ||    23
